 Dungeon Crawl Stone Soup version 0.32-a0-42-ga30500b4d3 (webtiles) character file.

Game seed: 14386599416960309003

20343 cforsyth the Warrior (level 13, -3/107 HPs)
             Began as a Djinni Reaver on Jan 26, 2024.
             Was an Initiate of Yredelemnul.
             Slain by a two-headed ogre
             ... wielding a +0 giant spiked club
              (27 damage)
             ... on level 2 of the Orcish Mines.
             The game lasted 00:42:16 (21230 turns).

cforsyth the Warrior (Djinni Reaver)               Turns: 21230, Time: 00:42:17

Health: -3/107     AC: 16    Str: 11    XL:     13   Next: 11%
Gold:   1193       EV:  7    Int: 20    God:    Yredelemnul [......] SH:  5 Dex: 12

rFire   + + +        j - +4 scimitar (flame)
rCold   . . .        (no shield)
rNeg    . . .        b - +2 robe {rC+ rF+}
rPois   ∞            v - +2 hat
rElec   .            D - +1 cloak
rCorr   .            (no gloves)
SInv    .            (boots unavailable)
Will    +....        h - amulet of reflection
Stlth   +            p - +4 ring of protection
HPRegen 0.37/turn    m - +4 ring of protection
MPRegen 0.00/turn

%: reflection, infuse magic (-4 HP)
@: vertiginous, flying
A: sickness immunity, fire resistance 2, cold vulnerability 1, float, innate
caster, HP casting, extra vitality 1
a: Renounce Religion, Recall Undead Harvest


You were on level 2 of the Orcish Mines.
You worshipped Yredelemnul.
Yredelemnul was noncommittal.
You visited 3 branches of the dungeon, and saw 14 of its levels.
You also visited: Sewer.

You collected 1193 gold pieces.

Inventory:

Hand Weapons
 a - a +1 dagger of electrocution
 j - a +4 scimitar of flaming (weapon)
 w - a +2 dagger of venom
Missiles
 L - a throwing net
Armour
 b - a +2 robe of resistance (worn)
 v - a +2 hat (worn)
 A - the +2 leather armour "Etomeax" {Str+6}
   (You found it on level 7 of the Dungeon)

   Str+6:     It affects your strength (+6).
 D - a +1 cloak (worn)
Magical Staves
 R - a staff of cold
Jewellery
 e - a ring of see invisible
 h - an amulet of reflection (around neck)
 m - a +4 ring of protection (right hand)
 o - an amulet of the acrobat
 p - a +4 ring of protection (left hand)
 y - a ring of resist corrosion
 N - a ring of fire
 Q - a ring of ice
 T - a ring of wizardry
Wands
 g - a wand of paralysis (13)
 G - a wand of flame (19)
 H - a wand of mindburst (9)
 I - a wand of iceblast (1)
Scrolls
 r - 2 scrolls of enchant armour
 s - a scroll of fear {unknown}
 x - 3 scrolls of teleportation
 B - a scroll of silence {unknown}
 E - 2 scrolls of amnesia {unknown}
 F - 2 scrolls of vulnerability {unknown}
 J - 2 scrolls of noise {unknown}
 O - a scroll of brand weapon {unknown}
 S - a scroll of enchant weapon {unknown}
Potions
 c - 3 potions of attraction
 d - 3 potions of cancellation {unknown}
 f - a potion of brilliance {unknown}
 i - 7 potions of enlightenment
 k - 5 potions of curing
 l - 2 potions of heal wounds {unknown}
 n - a potion of resistance {unknown}
 q - a potion of mutation {unknown}
 t - 2 potions of invisibility {unknown}
 z - a potion of berserk rage {unknown}
 C - 3 potions of lignification {unknown}
 K - a potion of degeneration {unknown}
 M - a potion of magic {unknown}
 P - a potion of ambrosia


   Skills:
 + Level 15.0 Fighting
 - Level 2.8 Short Blades
 - Level 2.4 Dodging
 + Level 11.7 Spellcasting
 + Level 11.7 Conjurations
 + Level 11.7 Hexes
 + Level 11.7 Summonings
 + Level 11.7 Necromancy
 + Level 11.7 Translocations
 + Level 11.7 Fire Magic
 + Level 11.7 Ice Magic
 + Level 11.7 Air Magic
 + Level 11.7 Earth Magic
 + Level 11.7 Alchemy


You knew the following spells:

 Your Spells              Type           Power      Damage    Failure   Level
a - Kiss of Death         Conj/Necr      100%       2d13      1%          1
b - Momentum Strike       Conj/Tloc      100%       3d10      1%          2
c - Hailstorm             Conj/Ice       56%        3d11      1%          3
d - Summon Small Mammal   Summ           100%       N/A       1%          1
e - Searing Ray           Conj           100%       2d8       1%          2
f - Blink                 Tloc           100%       N/A       1%          2
g - Gell's Gravitas       Tloc           56%        N/A       1%          3
h - Martyr's Knell        Necr/Summ      56%        N/A       2%          4
i - Alistair's Intoxicat  Alch           37%        N/A       4%          5
Your spell library was empty.

Dungeon Overview and Level Annotations

Branches:
Dungeon (11/15)            Temple (1/1) D:6             Orc (2/2) D:10
    Elf (0/3) Orc:2         Sewer (visited)
   Lair: D:8-11

Altars:
Ashenzari
Cheibriados
Dithmenos
Elyvilon
Fedhas
Gozag
Hepliaklqana
Makhleb
Nemelex Xobeh
Okawaru
Qazlal
Ru
Trog
Uskayaw
Wu Jian
Xom
Yredelemnul
Zin
The Shining One

Annotations:
D:8 Gastronok


Innate Abilities, Weirdness & Mutations

You are immune to sickness and miasma.
You are immune to poison.
Your flesh is very heat resistant. (rF++)
You are vulnerable to cold. (rC-)
You float through the air rather than walking.
You learn spells naturally, not from books.
Your magical power is your life essence.
You have superior vitality. (+4 MHP)


Message History

The ogre hits your ogre zombie with a +0 giant club!
Your ogre zombie is destroyed!
Something hits the two-headed ogre! x2
The ogre mage barely misses the ogre.
The ogre mage hits itself with a +0 club.
The two-headed ogre seems less confused.
The world stops spinning.
The two-headed ogre attacks as it pursues you!
The two-headed ogre hits you with a +0 giant spiked club!!
The two-headed ogre closely misses you.
The ogre mage mumbles some strange words.
The ogre mage flickers and vanishes!
Deactivating autopickup; reactivate with Ctrl-A.
Things that are here:
a +0 robe; a +0 dagger You see here a +3 whip.
Casting: Alistair's Intoxication (dangerous; 1% risk of failure)
Confirm with . or Enter, or press ? or * to list all spells.
Casting: Alistair's Intoxication (dangerous; 1% risk of failure)
Press: ? - help, Dir - look around, f - activate You attempt to intoxicate your foes!
The two-headed ogre looks rather confused. x2
The world spins around you!
* * * LOW HITPOINT WARNING * * *
You block the two-headed ogre's attack.
The two-headed ogre hits you with a +0 giant club.
* * * LOW HITPOINT WARNING * * *
Casting: Alistair's Intoxication (dangerous; 4% risk of failure)
Confirm with . or Enter, or press ? or * to list all spells.
Casting: Alistair's Intoxication (dangerous; 4% risk of failure)
Press: ? - help, Dir - look around, f - activate You attempt to intoxicate your foes!
The two-headed ogre looks rather confused.
The ogre looks rather confused.
The two-headed ogre looks rather confused. x2
The world spins around you!
* * * LOW HITPOINT WARNING * * *
The two-headed ogre hits you with a +0 giant spiked club!!
You die...
Your body becomes fuel for the black torch.

##......................## ##.##
##.....................## #...#
#.....................########..#
#........)...........##.##.##....
##.........................O)....
#....#..#...............##..#....
##..#....#..................)....
#....^.).)....[[.#.........##.##
##.#.#[...).#..@O.OO......###.#.
######<#).........O.....###....
####.##.##.#..#.#.## ##.#.
################ ####


You could see 3 two-headed ogres and an ogre (confused).

Vanquished Creatures
  Fannar (D:10)
  A centaur warrior (D:9)
  A two-headed ogre (D:10)
  Urug (Orc:1)
  Amaemon (D:10)
  An orc knight (Orc:1)
  2 orc sorcerers
  A cyclops (D:9)
  4 kobold blastminers
  An orange demon (D:10)
  Maggie (D:7)
  2 unseen horrors
  An efreet (D:9)
  2 hornets (D:9)
  A centaur simulacrum (D:10)
  2 wyverns
  3 wraiths
  17 yaks
  A warg (Orc:1)
  3 steam dragons
  4 vampire mosquitoes (D:10)
  An acid dragon (D:9)
  4 water moccasins
  13 orc warriors
  2 ice beasts
  A sky beast (D:7)
  A black bear (D:5)
  6 ogres
  A centaur (D:9)
  4 phantoms
  6 kobold brigands
  2 gnoll sergeants
  8 bullfrogs
  3 scorpions
  2 killer bees (D:10)
  9 howler monkeys
  An electric eel (D:10)
  2 bombardier beetles
  8 orc priests
  5 hounds
  3 jellies
  2 iguanas
  A sleepcap (D:4)
  Ijyb (D:4)
  11 orc wizards
  Natasha (thrice) (D:4)
  Robin (D:4)
  19 adders
  9 gnolls
  7 river rats (Sewer)
  2 shadow imps
  5 white imps
  2 ufetubi (D:6)
  A ribbon worm (D:4)
  5 dart slugs
  33 orcs
  3 bats
  9 endoplasms
  4 giant cockroaches
  18 goblins
  8 hobgoblins
  2 quokkas
  18 ball pythons
  A frilled lizard (Sewer)
  26 kobolds
  20 rats
344 creatures vanquished.

Vanquished Creatures (collateral kills)
  Harold (D:10)
  2 two-headed ogres
  An unseen horror simulacrum (D:10)
  A yak (D:8)
  An ogre (Orc:2)
  A wolf (D:10)
  2 killer bees (D:10)
  An orc priest (Orc:1)
  An orc wizard (Orc:1)
  2 orcs
  A ball python (Sewer)
  2 kobolds
  A rat (Sewer)
17 creatures vanquished.

Vanquished Creatures (others)
  An unseen horror zombie (D:10)
  A yak zombie (D:8)
  A wolf zombie (D:10)
  A bullfrog zombie (D:9)
  A centaur zombie (D:9)
  An ice beast zombie (D:10)
  2 killer bee zombies (D:10)
  An acid dragon zombie (D:9)
  2 ogre zombies (Orc:2)
  A howler monkey zombie (D:9)
  A steam dragon zombie (D:9)
  10 orc zombies
  3 gnoll zombies
  5 kobold zombies
31 creatures vanquished.

Grand Total: 392 creatures vanquished

Notes
Turn   | Place    | Note
-------+----------+-------------------------------------------
     0 | D:1      | cforsyth the Djinni Reaver began the quest for the Orb.
     0 | D:1      | cforsyth set off with the following spells memorised: Kiss
                  | of Death, Momentum Strike, Hailstorm.
     0 | D:1      | Reached XP level 1. HP: 18/18 MP: 0/0
    49 | D:1      | Reached XP level 2. HP: 19/23 MP: 0/0
   229 | D:1      | Reached XP level 3. HP: 27/29 MP: 0/0
   229 | D:1      | Learned a level 1 spell: Summon Small Mammal
   874 | D:2      | Found a faded altar of an unknown god.
   922 | D:2      | Reached XP level 4. HP: 34/34 MP: 0/0
  1045 | D:2      | Reached skill level 3 in Fighting
  1626 | D:3      | Found a glowing drain.
  1631 | Sewer    | Entered a sewer
  1667 | Sewer    | Reached XP level 5. HP: 36/40 MP: 0/0
  1667 | Sewer    | Learned a level 2 spell: Searing Ray
  1755 | Sewer    | Reached skill level 4 in Fighting
  1825 | Sewer    | Reached XP level 6. HP: 37/47 MP: 0/0
  2192 | D:3      | Reached skill level 5 in Fighting
  2192 | D:3      | Reached XP level 7. HP: 50/54 MP: 0/0
  2192 | D:3      | Learned a level 2 spell: Blink
  2993 | D:4      | Noticed Ijyb
  2993 | D:4      | Noticed Robin
  3006 | D:4      | Paralysed by Ijyb for 5 turns
  3023 | D:4      | Killed Ijyb
  3069 | D:4      | Killed Robin
  3342 | D:4      | Noticed Natasha
  3348 | D:4      | Killed Natasha
  3349 | D:4      | Reached skill level 5 in Spellcasting
  3349 | D:4      | Reached skill level 5 in Conjurations
  3349 | D:4      | Reached skill level 5 in Hexes
  3349 | D:4      | Reached skill level 5 in Summonings
  3349 | D:4      | Reached skill level 5 in Necromancy
  3349 | D:4      | Reached skill level 5 in Translocations
  3349 | D:4      | Reached skill level 5 in Fire Magic
  3349 | D:4      | Reached skill level 5 in Ice Magic
  3349 | D:4      | Reached skill level 5 in Air Magic
  3349 | D:4      | Reached skill level 5 in Earth Magic
  3349 | D:4      | Reached skill level 5 in Alchemy
  3503 | D:4      | Noticed Natasha
  3511 | D:4      | Killed Natasha
  3685 | D:4      | Noticed Natasha
  3691 | D:4      | Killed Natasha
  3692 | D:4      | Reached skill level 6 in Fighting
  3756 | D:4      | Reached XP level 8. HP: 54/61 MP: 0/0
  3803 | D:4      | Noticed a wyvern
  3811 | D:4      | Killed a wyvern
  4322 | D:5      | Entered Level 5 of the Dungeon
  4403 | D:4      | Reached skill level 7 in Fighting
  4517 | D:5      | You are sucked into a shaft and drop 3 floors!
  4578 | D:8      | Reached XP level 9. HP: 66/69 MP: 0/0
  4578 | D:8      | Learned a level 3 spell: Gell's Gravitas
  4623 | D:8      | Reached skill level 8 in Fighting
  4894 | D:7      | Identified the +2 leather armour "Etomeax" {Str+6}
  5368 | D:7      | Reached skill level 9 in Fighting
  6520 | D:6      | Reached XP level 10. HP: 78/78 MP: 0/0
  6520 | D:6      | Found a staircase to the Ecumenical Temple.
  6538 | Temple   | Entered the Ecumenical Temple
  6572 | Temple   | Became a worshipper of Yredelemnul the Dark
  6748 | D:6      | Reached * piety under Yredelemnul
  7040 | D:7      | Noticed Maggie
  7059 | D:7      | Killed Maggie
  7060 | D:7      | Reached skill level 10 in Fighting
  7344 | D:7      | Found a sparkling altar of Nemelex Xobeh.
  8150 | D:8      | Noticed Gastronok
  8595 | D:8      | Reached ** piety under Yredelemnul
  8920 | D:8      | Reached skill level 11 in Fighting
  9528 | D:8      | Reached XP level 11. HP: 73/87 MP: 0/0
  9528 | D:8      | Learned a level 4 spell: Martyr's Knell
  9662 | D:9      | Noticed a two-headed ogre
  9690 | D:9      | Killed a two-headed ogre
  9881 | D:8      | Reached skill level 12 in Fighting
 11989 | D:9      | Found a hide-covered altar of Uskayaw.
 11995 | D:9      | Found a faded altar of an unknown god.
 11997 | D:9      | Found a hazy altar of Hepliaklqana.
 11999 | D:9      | Found a faded altar of an unknown god.
 12048 | D:9      | Noticed a centaur warrior
 12064 | D:9      | Killed a centaur warrior
 12065 | D:9      | Reached skill level 10 in Spellcasting
 12065 | D:9      | Reached skill level 10 in Conjurations
 12065 | D:9      | Reached skill level 10 in Hexes
 12065 | D:9      | Reached skill level 10 in Summonings
 12065 | D:9      | Reached skill level 10 in Necromancy
 12065 | D:9      | Reached skill level 10 in Translocations
 12065 | D:9      | Reached skill level 10 in Fire Magic
 12065 | D:9      | Reached skill level 10 in Ice Magic
 12065 | D:9      | Reached skill level 10 in Air Magic
 12065 | D:9      | Reached skill level 10 in Earth Magic
 12065 | D:9      | Reached skill level 10 in Alchemy
 12373 | D:9      | Noticed a cyclops
 12811 | D:9      | Killed a cyclops
 12812 | D:9      | Reached skill level 13 in Fighting
 13017 | D:10     | Entered Level 10 of the Dungeon
 13072 | D:10     | Noticed Harold
 13073 | D:10     | Noticed a two-headed ogre
 13119 | D:10     | Killed Harold
 13120 | D:10     | Reached XP level 12. HP: 55/98 MP: 0/0
 13133 | D:10     | Killed a two-headed ogre
 13283 | D:10     | Noticed Fannar
 13318 | D:10     | Killed Fannar
 13902 | D:10     | Found a staircase to the Orcish Mines.
 13905 | D:10     | Noticed Amaemon
 14341 | D:10     | Killed Amaemon
 14616 | D:10     | Reached skill level 14 in Fighting
 15111 | D:11     | Noticed a two-headed ogre
 15474 | Orc:1    | Entered Level 1 of the Orcish Mines
 15474 | Orc:1    | Noticed a two-headed ogre
 15476 | Orc:1    | Noticed Urug
 15595 | D:10     | Killed a two-headed ogre
 16252 | D:10     | Noticed a soul eater
 16980 | Orc:1    | Killed Urug
 17181 | Orc:2    | Entered Level 2 of the Orcish Mines
 19465 | Orc:1    | Reached XP level 13. HP: 64/106 MP: 0/0
 19465 | Orc:1    | Learned a level 5 spell: Alistair's Intoxication
 20640 | Orc:2    | Found a staircase to the Elven Halls.
 21103 | Orc:2    | Reached skill level 15 in Fighting
 21206 | Orc:2    | Noticed an ogre mage
 21230 | Orc:2    | Slain by a two-headed ogre

Illustrated notes

Levels and vault maps discovered:
D:1:      giann_bridges, layout_loops_ring, dk_noncrumbling_3
D:2:      layout_basic, shapermc_ecumenical_altar_venn
D:3:      layout_loops_corners, portal_sewer_entry_e
D:4:      layout_loops_ring, minmay_misc_feat_ornament, uniq_ijyb, uniq_robin,
          uniq_natasha
D:5:      layout_gridville
D:6:      layout_basic, minmay_temple_entry_tees
D:7:      layout_basic, nemelex_spade_bored_becter, uniq_maggie
D:8:      layout_basic, uniq_gastronok
D:9:      minmay_bloctagon, layout_cave_pools,
          chequers_temple_overflow_minitemple
D:10:     minmay_weird_star, layout_rooms, serial_ice, serial_ice_h,
          serial_ice_l, serial_ice_n, serial_ice_g, uniq_amaemon, uniq_fannar,
          uniq_harold
D:11:     layout_small_grid, erik_lair_dragon, minmay_mirror_moons_of_madness
Temple:   nicolae_temple_bog_church
Orc:1:    layout_caves, basic_altar, uniq_urug
Orc:2:    st_orc_ogre_mass, layout_caves

Skill      XL: |  1  2  3  4  5  6  7  8  9 10 11 12 13 |
---------------+----------------------------------------+-----
Spellcasting   | 3 4 5 6 7 9 10 11 | 11.7
Conjurations   | 3 4 5 6 7 9 10 11 | 11.7
Hexes          | 3 4 5 6 7 9 10 11 | 11.7
Summonings     | 3 4 5 6 7 9 10 11 | 11.7
Necromancy     | 3 4 5 6 7 9 10 11 | 11.7
Translocations | 3 4 5 6 7 9 10 11 | 11.7
Fire Magic     | 3 4 5 6 7 9 10 11 | 11.7
Ice Magic      | 3 4 5 6 7 9 10 11 | 11.7
Air Magic      | 3 4 5 6 7 9 10 11 | 11.7
Earth Magic    | 3 4 5 6 7 9 10 11 | 11.7
Alchemy        | 3 4 5 6 7 9 10 11 | 11.7
Fighting       | 3 4 5 6 7 9 11 13 14 15 | 15.0
Short Blades   | |  2.8
Dodging        | |  2.4

Action                     |  1- 3 |  4- 6 |  7- 9 | 10-12 | 13-15 || total
---------------------------+-------+-------+-------+-------+-------++-------
  Melee: Short sword       |    33 |       |       |       |       ||    33
         Dagger            |    51 |   193 |   468 |   560 |       ||  1272
         Punch             |       |     1 |     3 |    15 |     2 ||    21
         Scimitar          |       |       |       |   293 |   100 ||   393
   Cast: Searing Ray       |       |     2 |    26 |    39 |       ||    67
         Summon Small Mamm |       |     2 |     1 |     2 |       ||     5
         Hailstorm         |       |       |     1 |    17 |     1 ||    19
         Blink             |       |       |     1 |     6 |       ||     7
         Martyr's Knell    |       |       |       |    24 |       ||    24
         Gell's Gravitas   |       |       |       |    10 |     3 ||    13
         Alistair's Intoxi |       |       |       |       |    16 ||    16
  Evoke: Wand              |       |       |     4 |    20 |       ||    24
    Use: Scroll            |       |     5 |     2 |    10 |       ||    17
         Potion            |       |     1 |       |     1 |       ||     2
   Stab: Sleeping          |       |       |     1 |       |       ||     1
         Paralysed         |       |       |     7 |     6 |       ||    13
         Distracted        |       |       |       |     1 |     1 ||     2
         Confused          |       |       |       |       |     2 ||     2
 Armour: Leather armour    |    31 |   166 |   243 |    89 |       ||   529
         Robe              |       |       |       |   715 |   106 ||   821
  Dodge: Dodged            |    28 |   178 |   219 |   576 |    42 ||  1043
  Block: Other             |     7 |    63 |    83 |   230 |    24 ||   407
         Reflection        |       |       |     3 |    20 |     2 ||    25

Table legend: (Time is in decaauts)
 A = Elapsed time spent in this place.
 B = Non-inter-level travel time spent in this place.
 C = Inter-level travel time spent in this place.
 D = Time resting spent in this place.
 E = Time spent auto-exploring this place.
 F = Levels seen in this place.
 G = Mean time per level.
                   A        B        C        D        E       F      G
               +--------+--------+--------+--------+--------+-----+--------+
         Total |  21259 |  20852 |    407 |   8219 |   7767 |  15 | 1417.3 |
       Dungeon |  16828 |  16463 |    365 |   5463 |   7001 |  11 | 1529.8 |
        Temple |     52 |     21 |     31 |      0 |      0 |   1 |   52.0 |
  Orcish Mines |   3908 |   3898 |     10 |   2756 |    480 |   2 | 1954.0 |
         Sewer |    469 |    469 |      0 |      0 |    286 |   1 |  469.0 |
               +--------+--------+--------+--------+--------+-----+--------+

Top non-repeatable levels by time:
     D:8: 3471 daAuts
    D:10: 3402 daAuts
   Orc:1: 3006 daAuts
     D:9: 2209 daAuts
     D:7: 1730 daAuts
     D:4: 1553 daAuts
     D:5: 980 daAuts
   Orc:2: 902 daAuts
     D:3: 852 daAuts
     D:2: 793 daAuts
     D:1: 653 daAuts
    D:11: 597 daAuts
     D:6: 585 daAuts
   Sewer: 469 daAuts
  Temple: 52 daAuts
